 Dungeon Crawl Stone Soup version 0.30-a0-354-g6b83867211 (webtiles) character file.

Game seed: 16244583696050467223

63 blackman the Sneak (level 4, -13/35 HPs)
             Began as a Human Delver on Nov 7, 2022.
             Shot with an arrow by a centaur (16 damage)
             ... on level 6 of the Dungeon.
             The game lasted 00:00:52 (78 turns).

blackman the Sneak (Human Delver)                     Turns: 78, Time: 00:00:53

Health: -13/35     AC:  3    Str: 12    XL:     4   Next: 30%
Magic:  4/4        EV: 12    Int: 10    God:
Gold:   17         SH:  0    Dex: 17    Spells: 3/3 levels left

rFire   . . .      SeeInvis .    a - +0 falchion
rCold   . . .      Faith    .    (no shield)
rNeg    . . .      Spirit   .    b - +0 leather armour
rPois   .          Reflect  .    (no helmet)
rElec   .          Harm     .    (no cloak)
rCorr   .          Rampage  .    (no gloves)
Will    .....                    (no boots)
Stlth   +++.......               (no amulet)
HPRegen 0.25/turn                (no ring)
MPRegen 0.09/turn                (no ring)

@: no status effects
A: no striking features
a: no special abilities


You were on level 6 of the Dungeon.
You visited 1 branch of the dungeon, and saw 2 of its levels.

You collected 17 gold pieces.

Inventory:

Hand Weapons
 a - a +0 falchion (weapon)
Armour
 b - a +0 leather armour (worn)
Wands
 e - a wand of flame (5)
 g - a wand of digging (3)
Scrolls
 c - a scroll of fog
 d - a scroll of magic mapping


   Skills:
 - Level 3.0 Fighting
 - Level 2.0 Long Blades
 - Level 2.0 Dodging
 - Level 5.0 Stealth
 * Level 3.6 Evocations


You had 3 spell levels left.
You didn't know any spells.
Your spell library was empty.

Dungeon Overview and Level Annotations

Branches:
Dungeon (6/15)
 Temple: D:4-7

Altars:


Message History

Aiming: Throw Flame
Press: ? - help, Shift-Dir - straight line, f/p - bullfrog
Aim: a bullfrog (moderately wounded, 60% to hit)
The puff of flame hits the bullfrog!
The bullfrog is severely wounded.
The bullfrog barely misses you.
Aiming: Throw Flame
Press: ? - help, Shift-Dir - straight line, f/p - bullfrog
Aim: a bullfrog (severely wounded, 60% to hit)
The puff of flame hits the bullfrog.
The bullfrog is severely wounded.
The bullfrog hits you.
* * * LOW HITPOINT WARNING * * *
The bullfrog barely misses you.
Aiming: Throw Flame
Press: ? - help, Shift-Dir - straight line, f/p - bullfrog
Aim: a bullfrog (severely wounded, 60% to hit)
The puff of flame hits the bullfrog!
You kill the bullfrog!
The centaur shoots an arrow.
The arrow barely misses you.
Your Evocations skill gained 3 levels and is now at level 3!
You have reached level 2!
You have reached level 3!
Your experience leads to an increase in your attributes!
Increase (S)trength, (I)ntelligence, or (D)exterity?
You feel agile. x2
You have reached level 4!
You feel agile.
Aiming: Throw Flame
Press: ? - help, Shift-Dir - straight line, f - centaur
Aim: a centaur, wielding a +0 shortbow (83% to hit)
The puff of flame hits the centaur.
The centaur is moderately wounded.
Aiming: Throw Flame
Press: ? - help, Shift-Dir - straight line, f/p - centaur
Aim: a centaur, wielding a +0 shortbow (moderately wounded, 83% to hit)
The puff of flame hits the centaur.
The centaur is heavily wounded.
The centaur shoots an arrow.
The arrow hits you!
You die...

## ... .. ## ### .?# .. §#
#c. ..# #.# ☼# # #.#
#.######.####.####.# #.#
#..............°...#
####.###.##...........°...#
#.....c..#...####....°..#
#.###.##...#.W..@†c.°.###.#
#.# #.##.....######..°....#
#.# #.##..#.###...!........
#.# #.##..#Y# #.####.####.#
#.# #..#..#.# #.# .# #.#
#..#$.#.###.# :# #.#
#..#........####.### #.#
#.......#####....... #.#
##.##.....<..)# .#


You could see a phantom and a centaur.

Vanquished Creatures
  A bullfrog (D:6)
1 creature vanquished.

Vanquished Creatures (others)
  An iguana (D:6)
1 creature vanquished.

Grand Total: 2 creatures vanquished

Notes
Turn   | Place    | Note
-------+----------+-------------------------------------------
     0 | D:5      | blackman the Human Delver began the quest for the Orb.
     0 | D:5      | Reached XP level 1. HP: 18/18 MP: 1/1
     3 | D:5      | Noticed an iguana
    13 | D:6      | Noticed a phantom
    28 | D:6      | Killed an iguana
    46 | D:6      | Noticed a centaur
    50 | D:6      | Noticed a sky beast
    67 | D:6      | Noticed a bullfrog
    76 | D:6      | Killed a bullfrog
    77 | D:6      | Reached XP level 2. HP: 2/24 MP: 2/2
    77 | D:6      | Reached XP level 3. HP: 2/29 MP: 3/3
    77 | D:6      | Reached XP level 4. HP: 2/35 MP: 4/4
    78 | D:6      | Shot with an arrow by a centaur

Illustrated notes

Levels and vault maps discovered:
D:5:      layout_rooms, serial_shops, nicolae_shop_behind_doors, st_stairs_1,
          kennysheep_pointless_box
D:6:      layout_loops_ring, lightli_ossuary_entry_decrepit_ruins,
          lemuel_flamethrower_2, uniq_menkaure

Skill      XL: |  1 |
---------------+----+-----
Evocations     | 3 |  3.6
Fighting       | |  3.0
Long Blades    | |  2.0
Dodging        | |  2.0
Stealth        | |  5.0

Action                   |  1- 3 |  4- 6 || total
-------------------------+-------+-------++-------
Melee: Falchion          |     4 |       ||     4
Evoke: Wand              |     4 |     2 ||     6
  Use: Scroll            |     1 |       ||     1
       Potion            |     1 |       ||     1
Armor: Leather armour    |     2 |       ||     2
Dodge: Dodged            |     5 |       ||     5

Table legend: (Time is in decaauts)
 A = Elapsed time spent in this place.
 B = Non-inter-level travel time spent in this place.
 C = Inter-level travel time spent in this place.
 D = Time resting spent in this place.
 E = Time spent auto-exploring this place.
 F = Levels seen in this place.
 G = Mean time per level.
                   A        B        C        D        E       F      G
               +--------+--------+--------+--------+--------+-----+--------+
         Total |     59 |     59 |      0 |      0 |      3 |   2 |   29.5 |
       Dungeon |     59 |     59 |      0 |      0 |      3 |   2 |   29.5 |
               +--------+--------+--------+--------+--------+-----+--------+

Top non-repeatable levels by time:
     D:6: 47 daAuts
     D:5: 12 daAuts
